[Event "Titled Tuesday Blitz February 15 Early 2022"]
[White "Guliyev, Namig"]
[Black "Mamedyarov, Shakhriyar"]
[WhiteFideId "13400363"]
[BlackFideId "13401319"]
[WhiteElo "2487"]
[BlackElo "2769"]
[Result "0-1"]
[Round "03"]
[TimeControl "180+1"]
[Date "2022.02.15"]
[WhiteClock "0:00:03"]
[BlackClock "0:00:08"]

1. e4 c5 2. Nf3 d6 3. Bb5+ Nd7 4. d4 Nf6 5. Nc3 cxd4 6. Qxd4 e5 7. Qd3 h6 8. Nd2 a6 9. Bxd7+ Bxd7 10. Nc4 Be6 11. Ne3 Rc8 12. O-O Be7 13. a4 Rc5 14. b4 Rxc3 15. Qxc3 Nxe4 16. Qd3 Nf6 17. c4 O-O 18. Rd1 Qc8 19. Ba3 Nh5 20. b5 Nf4 21. Qb3 Ne2+ 22. Kf1 Nd4 23. Qd3 f5 24. Rac1 Bg5 25. c5 f4 26. Nc4 Bf5 27. Qc3 f3 28. Nxd6 fxg2+ 29. Kxg2 Bh3+ 30. Kh1 Qg4 31. Rg1 Qh5 32. Qc4+ Kh8 33. Qd5 Rxf2 34. c6 Nf3 35. Nf7+ Qxf7 0-1


[Site "https://www.chess.com"]

[Event "Titled Tuesday Blitz February 15 Early 2022"]
[White "Guz, Ari"]
[Black "Shton, Roman"]
[WhiteFideId "2825759"]
[BlackFideId "14137461"]
[WhiteElo "1913"]
[BlackElo "2038"]
[Result "1-0"]
[Round "03"]
[TimeControl "180+1"]
[Date "2022.02.15"]
[WhiteClock "0:01:47"]
[BlackClock "0:00:05"]

1. b3 e5 2. Bb2 Nc6 3. g3 g6 4. Bg2 Bg7 5. d3 d6 6. Nf3 f5 7. O-O Nf6 8. e4 fxe4 9. dxe4 Nxe4 10. c4 Nf6 11. Nc3 O-O 12. Ng5 Kh8 13. Qd2 Ng4 14. h3 Bh6 15. Nce4 Nf6 16. Nxf6 Qxf6 17. f4 Bf5 18. g4 Bd7 19. fxe5 Qxg5 20. Qxg5 Bxg5 21. e6+ Ne5 22. exd7 Be3+ 23. Kh1 Rad8 24. Bxb7 Rxf1+ 25. Rxf1 Rxd7 26. Bd5 Rd8 27. Rf7 c6 28. Bxc6 a5 29. Bd5 Rb8 30. Re7 Bf4 31. c5 a4 32. cxd6 axb3 33. Rxe5 Bxe5 34. Bxe5# 1-0


[Site "https://www.chess.com"]

[Event "Titled Tuesday Blitz February 15 Early 2022"]
[White "Hakemi, Arman"]
[Black "Iljin, Timofey"]
[WhiteFideId "22520805"]
[BlackFideId "14110180"]
[WhiteElo "2208"]
[BlackElo "2396"]
[Result "1-0"]
[Round "03"]
[TimeControl "180+1"]
[Date "2022.02.15"]
[WhiteClock "0:00:31"]
[BlackClock "0:00:06"]

1. e4 e5 2. Nf3 Nc6 3. Nc3 Nf6 4. d4 exd4 5. Nxd4 Bc5 6. Be3 Bb6 7. Qd2 O-O 8. O-O-O d6 9. f3 a6 10. Kb1 Ba5 11. Nb3 Be6 12. Nxa5 Nxa5 13. Nd5 b6 14. Bg5 Bxd5 15. exd5 Nb7 16. g4 Nc5 17. h4 Re8 18. Bc4 b5 19. Be2 h6 20. Rh2 Kh7 21. c3 Ncd7 22. Bd3+ Kg8 23. Bc2 Ne5 24. Rf1 Nc4 25. Qc1 Qe7 26. b3 Ne3 27. Re1 hxg5 28. hxg5 Nfxd5 29. Rh8+ Kxh8 30. Rh1+ Kg8 31. Rh8+ Kxh8 32. Qh1+ Kg8 33. Qh7+ Kf8 34. Qh8# 1-0


[Site "https://www.chess.com"]

[Event "Titled Tuesday Blitz February 15 Early 2022"]
[White "Hakobyan, Aram"]
[Black "Gelman, Alexander"]
[WhiteFideId "13306677"]
[BlackFideId "4118316"]
[WhiteElo "2557"]
[BlackElo "2375"]
[Result "1-0"]
[Round "03"]
[TimeControl "180+1"]
[Date "2022.02.15"]
[WhiteClock "0:00:10"]
[BlackClock "0:00:05"]

1. e4 c5 2. Nf3 d6 3. Bb5+ Bd7 4. Bxd7+ Nxd7 5. O-O Ngf6 6. Qe2 e6 7. Rd1 Be7 8. d4 cxd4 9. Nxd4 a6 10. c4 O-O 11. Nc3 Qc7 12. Be3 Rac8 13. Rac1 Rfe8 14. b3 Bf8 15. h3 h6 16. Rc2 Qa5 17. Bd2 Qc5 18. Nf3 Qc7 19. Bf4 Red8 20. Rcd2 Qa5 21. Rc2 Qb6 22. Bg3 Rc6 23. Rcd2 Qa5 24. Qe3 b5 25. Bxd6 bxc4 26. b4 Qa3 27. Bxf8 Rxf8 28. e5 Qxb4 29. exf6 Nxf6 30. Ne5 Rc7 31. Rd8 Rxd8 32. Rxd8+ Kh7 33. Kh2 Qb7 34. Rd4 Qb2 35. Rd2 Qc1 36. Nf3 Qa1 37. g4 Rc8 38. g5 hxg5 39. Nxg5+ Kg8 40. Qd4 1-0


[Site "https://www.chess.com"]

[Event "Titled Tuesday Blitz February 15 Early 2022"]
[White "Hamitevici, Vladimir"]
[Black "Sinitsina, Anastassia"]
[WhiteFideId "13902393"]
[BlackFideId "4504640"]
[WhiteElo "2359"]
[BlackElo "2144"]
[Result "1-0"]
[Round "03"]
[TimeControl "180+1"]
[Date "2022.02.15"]
[WhiteClock "0:00:10"]
[BlackClock "0:00:02"]

1. b3 d6 2. Bb2 Nd7 3. g3 e5 4. Bg2 f5 5. c4 Ngf6 6. d4 g6 7. e3 Bg7 8. Ne2 O-O 9. O-O c6 10. Nbc3 Qe7 11. Qd2 e4 12. h4 h6 13. Nf4 Kh7 14. Rfd1 Re8 15. d5 c5 16. Nb5 Nf8 17. Ne6 a6 18. Nbc7 Bxe6 19. Nxe8 Rxe8 20. dxe6 Rd8 21. Qa5 Nxe6 22. Rd2 Ng4 23. Bxg7 Kxg7 24. b4 cxb4 25. Qxb4 Nc5 26. Rad1 Ne5 27. Rd5 Ned3 28. Qc3+ Qf6 29. Qd4 Kf7 30. Rb1 Rd7 31. Rb6 Qxd4 32. exd4 Na4 33. Rbxd6 Rxd6 34. Rxd6 Nc3 35. Rd7+ Ke6 36. Rxb7 Ne2+ 37. Kf1 Nxd4 38. Rb6+ Kf7 39. Rxa6 Nb4 40. Ra7+ Kf6 41. a4 g5 42. Rb7 Nbc6 43. hxg5+ hxg5 44. Rb6 Ke5 45. Ra6 f4 46. gxf4+ gxf4 47. a5 Nb4 48. Ra8 e3 49. fxe3 fxe3 50. Re8+ Kd6 51. Bb7 e2+ 52. Kf2 Nd3+ 53. Kg3 e1=Q+ 54. Rxe1 Nxe1 55. a6 Kc7 56. Kf4 Nb3 57. Ke5 Nc5 58. Kd5 Nxb7 59. a7 Nd3 60. a8=Q Nb4+ 61. Ke5 Nc6+ 62. Kf4 Nb4 63. Qa1 Nd3+ 64. Kg3 Ndc5 65. Qg7+ Kc6 66. Kf4 Kb6 67. Qh6+ Kc7 68. Ke3 Kd7 69. Kd4 Kc7 70. Qh7+ Kc6 71. Qh6+ Kc7 72. Kd5 Kd7 73. Qc6+ Kd8 74. Qf6+ Kc7 75. Qg7+ Kb6 76. Qg6+ Kc7 77. Qc6+ Kd8 78. Kd4 Nb3+ 79. Kc3 N3c5 80. Kb4 Nd3+ 81. Kb5 Ndc5 82. Kb6 Ke7 83. Qxc5+ Nxc5 84. Kxc5 1-0


[Site "https://www.chess.com"]

[Event "Titled Tuesday Blitz February 15 Early 2022"]
[White "Hamley, Ryan"]
[Black "Zavivaeva, Emilia"]
[WhiteFideId "30959497"]
[BlackFideId "34127531"]
[WhiteElo "2391"]
[BlackElo "1685"]
[Result "1-0"]
[Round "03"]
[TimeControl "180+1"]
[Date "2022.02.15"]
[WhiteClock "0:01:24"]
[BlackClock "0:00:01"]

1. e4 d5 2. exd5 Qxd5 3. Nc3 Qa5 4. d4 c6 5. Nf3 Bf5 6. Ne5 Nf6 7. Be2 e6 8. O-O Bb4 9. Bd2 O-O 10. a3 Bxc3 11. Bxc3 Qc7 12. Bf3 Nbd7 13. Nc4 Nd5 14. Bd2 b5 15. Ne3 Bg6 16. c3 N7f6 17. a4 b4 18. cxb4 Rab8 19. Rc1 Rfd8 20. b5 Rd6 21. Nc4 Rdd8 22. Ne5 Ne7 23. Nxc6 Nxc6 24. Rxc6 Qd7 25. Bf4 Rbc8 26. Be5 Nd5 27. Qc1 Rxc6 28. bxc6 Qe7 29. Qc4 Rc8 30. Qa6 Nb6 31. a5 1-0


[Site "https://www.chess.com"]

[Event "Titled Tuesday Blitz February 15 Early 2022"]
[White "Hansen, Eric"]
[Black "Kuzmin, Roman"]
[WhiteFideId "2606771"]
[BlackFideId "44134932"]
[WhiteElo "2568"]
[BlackElo "1978"]
[Result "1-0"]
[Round "03"]
[TimeControl "180+1"]
[Date "2022.02.15"]
[WhiteClock "0:00:06"]
[BlackClock "0:00:05"]

1. e4 c5 2. Nf3 d6 3. Bb5+ Bd7 4. Bxd7+ Qxd7 5. c4 Nc6 6. d4 cxd4 7. Nxd4 g6 8. Nc3 Bg7 9. Be3 Nf6 10. f3 O-O 11. Nde2 a6 12. a4 Rac8 13. O-O Rfd8 14. Kh1 e6 15. Bb6 Re8 16. b3 Ne7 17. Bd4 Nc6 18. Bg1 d5 19. Rc1 dxc4 20. bxc4 Ne5 21. c5 Red8 22. Qb3 Nd3 23. Rcd1 Qc7 24. Qc4 Ne5 25. Qb3 Nfd7 26. f4 Ng4 27. h3 Nh6 28. e5 Nxc5 29. Bxc5 Qxc5 30. Qxb7 Nf5 31. Qxa6 Ne3 32. Rxd8+ Rxd8 33. Rb1 Bf8 34. Qb7 Rd2 35. Ne4 Qc2 36. Nxd2 Qxd2 37. Qf3 Nc4 38. Rc1 Nb2 39. Rc8 Nd3 40. Kh2 Kg7 41. Rc7 Bc5 42. Rd7 Be3 43. a5 Nxe5 44. fxe5 Qxd7 45. Qxe3 Qb7 46. Qc3 Qa6 47. Ng1 Qb5 48. Nf3 1-0


[Site "https://www.chess.com"]

[Event "Titled Tuesday Blitz February 15 Early 2022"]
[White "Dronavalli, Harika"]
[Black "Bortnyk, Olexandr"]
[WhiteFideId "5015197"]
[BlackFideId "14120828"]
[WhiteElo "2382"]
[BlackElo "2723"]
[Result "0-1"]
[Round "03"]
[TimeControl "180+1"]
[Date "2022.02.15"]
[WhiteClock "0:00:07"]
[BlackClock "0:00:06"]

1. d4 d6 2. e4 Nf6 3. Nc3 Nbd7 4. Nf3 e5 5. Be2 Be7 6. g4 h6 7. Rg1 c6 8. Be3 b5 9. a3 Qa5 10. b4 Qc7 11. Qd2 a5 12. Rd1 axb4 13. axb4 Bb7 14. Kf1 d5 15. dxe5 Nxe4 16. Nxe4 dxe4 17. Nd4 Nxe5 18. Bf4 O-O-O 19. Qc3 Bf6 20. h4 g5 21. hxg5 hxg5 22. Bg3 Rd5 23. Nf5 Rxd1+ 24. Bxd1 Qd8 25. Be2 Nc4 26. Qe1 Qd5 27. Bxc4 Qxc4+ 28. Kg2 Rd8 29. Qe3 Bd4 30. Qxg5 c5 31. Nd6+ Rxd6 32. Bxd6 e3+ 33. Kh2 exf2 34. Rd1 f1=Q 35. Rxf1 Qxf1 36. Qf5+ Qxf5 37. gxf5 cxb4 38. Bxb4 Be4 39. c3 Be5+ 40. Kg1 Bxf5 41. Kf2 Kd7 0-1


[Site "https://www.chess.com"]

[Event "Titled Tuesday Blitz February 15 Early 2022"]
[White "Harish, Neeraj"]
[Black "Rychagov, Andrey"]
[WhiteFideId "30958130"]
[BlackFideId "4119932"]
[WhiteElo "1545"]
[BlackElo "2500"]
[Result "0-1"]
[Round "03"]
[TimeControl "180+1"]
[Date "2022.02.15"]
[WhiteClock "0:00:03"]
[BlackClock "0:00:10"]

1. e4 c5 2. Nf3 e6 3. d4 cxd4 4. Nxd4 a6 5. Bd3 Bc5 6. Nb3 Be7 7. O-O d6 8. Nc3 Nf6 9. f4 Nc6 10. Be3 O-O 11. Qf3 Qc7 12. Rad1 Rb8 13. h3 b5 14. g4 Bb7 15. g5 Nd7 16. h4 b4 17. Ne2 Nc5 18. Ng3 Nxd3 19. Rxd3 Rfd8 20. Nd4 Nxd4 21. Bxd4 Bf8 22. f5 e5 23. Bf2 a5 24. h5 Ba6 25. g6 Qxc2 26. Rdd1 Bxf1 27. Rxf1 f6 28. h6 Rb7 29. Nh5 d5 30. exd5 e4 31. Qg4 Qxb2 32. Rd1 Qxa2 33. Nxf6+ Kh8 34. gxh7 Rf7 35. Nh5 Rxd5 36. Bd4 Rxd4 37. Rxd4 Qa1+ 38. Rd1 Qe5 39. hxg7+ Rxg7 40. Nxg7 Qxg7 41. Qxg7+ Bxg7 42. Kf2 a4 43. Ke3 a3 44. Kxe4 a2 45. Kd3 b3 46. Re1 b2 47. Re8+ Kxh7 48. Rf8 b1=Q+ 0-1


[Site "https://www.chess.com"]

[Event "Titled Tuesday Blitz February 15 Early 2022"]
[White "Hess, Robert"]
[Black "Nguyen Hong Nhung"]
[WhiteFideId "2022036"]
[BlackFideId "12412201"]
[WhiteElo "2557"]
[BlackElo "1661"]
[Result "1-0"]
[Round "03"]
[TimeControl "180+1"]
[Date "2022.02.15"]
[WhiteClock "0:00:36"]
[BlackClock "0:00:14"]

1. b3 f5 2. Bb2 Nf6 3. d3 g6 4. Nd2 Bg7 5. h3 d6 6. c4 e5 7. Qc2 Nc6 8. a3 Be6 9. e3 Qd7 10. g3 f4 11. gxf4 exf4 12. e4 O-O-O 13. Ngf3 Qe7 14. O-O-O Ne5 15. Ng5 Bd7 16. d4 Nf7 17. Nxf7 Qxf7 18. Nf3 Rde8 19. Bd3 h6 20. e5 dxe5 21. Bxg6 Qe7 22. Bxe8 Rxe8 23. Nxe5 Be6 24. Rde1 Qd6 25. Qg6 Rg8 26. d5 Bh8 27. Qc2 Bd7 28. Nf7 Qf8 29. Nxh8 Rxh8 30. Qg6 Rg8 31. Qxf6 Qxf6 32. Bxf6 b6 33. Rhg1 Rf8 34. Bg7 Rf7 35. Bxh6 Bxh3 36. Rg7 Kb7 37. Rxf7 1-0


[Site "https://www.chess.com"]

[Event "Titled Tuesday Blitz February 15 Early 2022"]
[White "Hirneise, Jens"]
[Black "Visakh N R"]
[WhiteFideId "24614734"]
[BlackFideId "25012223"]
[WhiteElo "2323"]
[BlackElo "2454"]
[Result "0-1"]
[Round "03"]
[TimeControl "180+1"]
[Date "2022.02.15"]
[WhiteClock "0:00:06"]
[BlackClock "0:01:04"]

1. e4 c5 2. Nc3 e6 3. f4 Nc6 4. Nf3 d5 5. Bb5 Ne7 6. O-O a6 7. Bxc6+ Nxc6 8. exd5 exd5 9. Re1+ Be7 10. d4 O-O 11. h3 Bf5 12. Be3 Be4 13. Ne5 Nxd4 14. Bxd4 cxd4 15. Qxd4 Rc8 16. Nxe4 dxe4 17. Qxe4 Qb6+ 18. Kh1 Qxb2 19. Nc4 Qb4 20. Rab1 Qxc4 21. Qxe7 b5 22. Qb7 Rc6 23. a4 bxa4 24. Rb4 Qxc2 25. Ra1 Rc4 26. Rxc4 Qxc4 27. Qd7 Qxf4 28. Rxa4 Qf6 29. Qb7 Rd8 30. Qf3 Qxf3 31. gxf3 Ra8 32. Kg1 g5 33. Kf2 Kg7 34. Ke3 a5 35. Kd4 Kg6 0-1


[Site "https://www.chess.com"]

[Event "Titled Tuesday Blitz February 15 Early 2022"]
[White "Hoffmann, Asa"]
[Black "Kozlov, Gennady"]
[WhiteFideId "2001470"]
[BlackFideId "4191668"]
[WhiteElo "2117"]
[BlackElo "2392"]
[Result "1-0"]
[Round "03"]
[TimeControl "180+1"]
[Date "2022.02.15"]
[WhiteClock "0:00:40"]
[BlackClock "0:01:30"]

1. d4 e6 2. e4 d5 3. e5 c5 4. Nf3 Nc6 5. Bd3 Bd7 6. O-O Qc7 7. c3 f6 8. Bf4 O-O-O 9. Na3 fxe5 10. Nxe5 Nxe5 11. Bxe5 Bd6 12. Bxg7 Bxh2+ 13. Kh1 Ne7 14. Bxh8 Rxh8 15. dxc5 Be5 16. Qh5 Ng6 17. Rae1 Bf6 18. Nb5 Bxb5 19. Bxb5 Nf4 20. Qg4 h5 21. Qf3 e5 22. g3 Qxc5 23. gxf4 e4 24. Qh3+ Kb8 25. Bd7 h4 26. Rd1 Bd8 27. Qe6 Bc7 28. Rxd5 Qf8 29. f5 Qg7 30. Rg1 Qh7 31. Qg6 Qe7 32. Be6 a6 33. Qf7 Qxf7 34. Bxf7 Rh7 35. Be6 Rh6 36. Rg6 Rh7 37. f6 h3 38. f7 1-0


[Site "https://www.chess.com"]

[Event "Titled Tuesday Blitz February 15 Early 2022"]
[White "Jakubowska, Anna"]
[Black "Ardila, Oscar Humberto"]
[WhiteFideId "1121952"]
[BlackFideId "4404742"]
[WhiteElo "1924"]
[BlackElo "1898"]
[Result "1-0"]
[Round "03"]
[TimeControl "180+1"]
[Date "2022.02.15"]
[WhiteClock "0:00:56"]
[BlackClock "0:00:22"]

1. e4 e5 2. Nf3 Nc6 3. Bb5 Nf6 4. O-O Nxe4 5. d4 Nd6 6. Bxc6 dxc6 7. dxe5 Nf5 8. Qxd8+ Kxd8 9. Rd1+ Ke8 10. Nc3 h5 11. h3 Be6 12. Bg5 Bb4 13. Ne4 Bd5 14. Ned2 Be7 15. Bxe7 Kxe7 16. c4 Be6 17. b3 Rad8 18. Ne4 b6 19. Nfg5 c5 20. Nxe6 fxe6 21. Ng5 Rd4 22. Rxd4 cxd4 23. Kf1 c5 24. Ke2 Rf8 25. Rd1 Nh6 26. g3 Rf5 27. f4 h4 28. Kf3 hxg3 29. Kxg3 Rf8 30. Rg1 Nf5+ 31. Kf3 Rh8 32. Ke2 Rh4 33. Rg4 Rxg4 34. hxg4 Ne3 35. Kf3 Nd1 36. f5 exf5 37. gxf5 Nc3 38. Ne6 Kf7 39. a3 a5 40. Nc7 Nb1 41. Nd5 Nd2+ 42. Ke2 Nxb3 43. e6+ Ke8 44. Nxb6 Ke7 45. Nd5+ Kd6 46. Nf4 a4 47. Nh5 Na5 48. Nxg7 Ke7 49. Nh5 Nxc4 50. Nf4 Nd6 51. Nd5+ Ke8 52. f6 c4 53. Nc7+ Kd8 54. f7 Ke7 55. Nd5+ Kf8 56. Nf4 Nxf7 57. Ng6+ Ke8 58. exf7+ Kxf7 59. Ne5+ Ke6 60. Nxc4 Kd5 61. Kd3 Kc5 62. Nd2 Kd5 63. Nf3 Kc5 64. Nxd4 Kb6 65. Kc3 Ka5 66. Kc4 Kb6 67. Kb4 Ka7 68. Kxa4 Kb8 69. Kb5 Ka7 70. a4 1-0


[Site "https://www.chess.com"]

[Event "Titled Tuesday Blitz February 15 Early 2022"]
[White "Jakubowski, Krzysztof"]
[Black "Lewtak, Damian"]
[WhiteFideId "1112848"]
[BlackFideId "1141724"]
[WhiteElo "2365"]
[BlackElo "2361"]
[Result "1-0"]
[Round "03"]
[TimeControl "180+1"]
[Date "2022.02.15"]
[WhiteClock "0:00:10"]
[BlackClock "0:00:07"]

1. d4 e6 2. e4 d5 3. Nc3 Bb4 4. e5 Ne7 5. a3 Bxc3+ 6. bxc3 b6 7. Qg4 Kf8 8. h4 Ba6 9. Bxa6 Nxa6 10. h5 h6 11. Ne2 c5 12. Rh3 Rc8 13. a4 Qc7 14. Ba3 Nf5 15. Qf4 Ke8 16. g4 Ne7 17. Rf3 Rf8 18. g5 hxg5 19. Qxg5 Nf5 20. Rxf5 exf5 21. Qxg7 f6 22. exf6 Qd6 23. O-O-O Qxf6 24. Qxa7 Nb8 25. Re1 Kd8 26. Nf4 Re8 27. Rxe8+ Kxe8 28. Nxd5 Qh6+ 29. Kb2 Qd6 30. Nxb6 Rd8 31. Bxc5 Nc6 32. Qg7 Rd7 33. Qh8+ Kf7 34. Bxd6 Rxd6 35. Qh7+ Ke6 36. Qg6+ Ke7 37. Qg7+ Ke6 38. h6 Na5 39. Qg6+ Ke7 40. Qxd6+ Kxd6 41. h7 1-0


[Site "https://www.chess.com"]

[Event "Titled Tuesday Blitz February 15 Early 2022"]
[White "Jaracz, Pawel"]
[Black "Kirillov, Dmitry"]
[WhiteFideId "1102222"]
[BlackFideId "34180572"]
[WhiteElo "2429"]
[BlackElo "2076"]
[Result "1-0"]
[Round "03"]
[TimeControl "180+1"]
[Date "2022.02.15"]
[WhiteClock "0:00:20"]
[BlackClock "0:00:07"]

1. e4 c5 2. Nc3 e6 3. Nf3 Nc6 4. d4 cxd4 5. Nxd4 Nf6 6. Ndb5 Bc5 7. Nd6+ Ke7 8. Nc4 d5 9. exd5 exd5 10. Na4 Bb4+ 11. c3 dxc4 12. cxb4 Qxd1+ 13. Kxd1 Rd8+ 14. Ke2 Nxb4 15. Bd2 Nbd5 16. f3 b5 17. Nc3 Nxc3+ 18. Bxc3 Bf5 19. Kf2 a5 20. a3 Kf8 21. Be2 Nd5 22. Bd4 Nf4 23. Bc5+ Kg8 24. Rhd1 Bd3 25. Bb6 Rd6 26. Bc7 Re6 27. Bf1 Nd5 28. Bxd3 cxd3 29. Rac1 Re2+ 30. Kg3 Nxc7 31. Rxc7 Rd8 32. Rxd3 Rde8 33. Rb3 R2e5 34. Rb7 Rg5+ 35. Kf2 g6 36. R7xb5 Rxb5 37. Rxb5 Rc8 38. g4 Rc2+ 39. Kg3 a4 40. h4 Kg7 41. Rb7 h6 42. Kf4 Rc4+ 43. Ke3 Rc2 44. Kd3 Rf2 45. Ke4 Kf6 46. Rb6+ Ke7 47. h5 gxh5 48. gxh5 Rh2 49. Ra6 Rxh5 50. Rxa4 Rh4+ 51. f4 Rh2 52. Ra7+ Kf6 53. Ra6+ Ke7 54. Rb6 h5 55. a4 h4 56. Kf3 Rh1 57. a5 Rg1 58. Kf2 Rg8 59. Rb7+ Kf6 60. Rb3 Ra8 61. Ra3 h3 62. Kg3 h2 63. Kxh2 Kf5 64. b4 Kxf4 65. b5 Ke5 66. b6 Kd6 67. b7 Rb8 68. a6 Kc6 69. a7 Kxb7 70. axb8=Q+ Kxb8 71. Re3 1-0


[Site "https://www.chess.com"]

[Event "Titled Tuesday Blitz February 15 Early 2022"]
[White "Jobava, Baadur"]
[Black "Mikhailov, Viacheslav"]
[WhiteFideId "13601520"]
[BlackFideId "4187369"]
[WhiteElo "2617"]
[BlackElo "2381"]
[Result "1-0"]
[Round "03"]
[TimeControl "180+1"]
[Date "2022.02.15"]
[WhiteClock "0:00:03"]
[BlackClock "0:00:01"]

1. b3 Nf6 2. Bb2 g6 3. g3 Bg7 4. Bg2 O-O 5. c4 d6 6. d4 c5 7. Nf3 Nc6 8. d5 Nb4 9. O-O Bf5 10. a3 Na6 11. Nc3 Ne4 12. Qc1 Nxc3 13. Bxc3 Bxc3 14. Qxc3 Nc7 15. Rfe1 b5 16. e4 Bg4 17. e5 bxc4 18. bxc4 Bxf3 19. Bxf3 Rb8 20. Re3 e6 21. Rd1 exd5 22. Bxd5 Rb6 23. e6 Nxd5 24. cxd5 Rb7 25. Rde1 Qg5 26. Qd3 Re7 27. h4 Qf6 28. Rf3 Qd4 29. Qxd4 cxd4 30. Rd3 fxe6 31. dxe6 Rf6 32. Rxd4 Rfxe6 33. Red1 Re1+ 34. Kg2 Rxd1 35. Rxd1 Re6 36. Rd5 Kf7 37. g4 Re4 38. Kg3 Ra4 39. Rd3 Ke6 40. Re3+ Kd7 41. f4 d5 42. f5 gxf5 43. gxf5 d4 44. Rd3 Kd6 45. Kf4 Kd5 46. Kg5 Ke4 47. Rd1 Rxa3 48. Re1+ Re3 49. Rf1 d3 50. f6 Rg3+ 51. Kh6 d2 52. f7 Rf3 53. Rxf3 d1=Q 54. Rf6 Qg4 55. f8=Q Qxh4+ 56. Kg7 Qg5+ 57. Kh8 Qe5 58. Qg7 a5 59. Kxh7 a4 60. Qg6+ 1-0


[Site "https://www.chess.com"]

[Event "Titled Tuesday Blitz February 15 Early 2022"]
[White "Kabanov, Nikolai"]
[Black "Clawitter, Craig"]
[WhiteFideId "4127820"]
[BlackFideId "2023105"]
[WhiteElo "2304"]
[BlackElo "2133"]
[Result "1-0"]
[Round "03"]
[TimeControl "180+1"]
[Date "2022.02.15"]
[WhiteClock "0:00:08"]
[BlackClock "0:00:05"]

1. e4 e6 2. d4 d5 3. Bd3 dxe4 4. Bxe4 Nf6 5. Bf3 c5 6. Ne2 Nc6 7. Be3 cxd4 8. Nxd4 Ne5 9. O-O Be7 10. Nb5 Bd7 11. Nd6+ Bxd6 12. Qxd6 Nxf3+ 13. gxf3 Bc6 14. Qa3 Qd5 15. Nd2 Ng4 16. Rfd1 Ne5 17. Bf4 Nxf3+ 18. Nxf3 Qxf3 19. Qxf3 Bxf3 20. Rd3 Bc6 21. Bd6 Rd8 22. c4 b6 23. b4 Rd7 24. c5 bxc5 25. bxc5 Kd8 26. Rg3 g6 27. Rb1 Rb7 28. Rgb3 Rxb3 29. Rxb3 Kd7 30. Ra3 Ra8 31. f4 a5 32. Rb3 a4 33. Rb4 a3 34. Kf2 Bd5 35. Ke3 Bxa2 36. Rb7+ Kc6 37. Rb6+ Kd5 38. Be5 Bc4 39. c6 a2 40. c7 Ra3+ 41. Kd2 Ra8 42. Rd6+ Ke4 43. Rd8 a1=Q 44. Bxa1 Rxa1 45. c8=Q Ra2+ 46. Kc3 Ra3+ 47. Kxc4 Ra4+ 48. Kb3 1-0


[Site "https://www.chess.com"]

[Event "Titled Tuesday Blitz February 15 Early 2022"]
[White "Kalajzic, Ivan"]
[Black "Alinasab, Mobina"]
[WhiteFideId "14506378"]
[BlackFideId "12528897"]
[WhiteElo "2163"]
[BlackElo "2061"]
[Result "1/2-1/2"]
[Round "03"]
[TimeControl "180+1"]
[Date "2022.02.15"]
[WhiteClock "0:00:30"]
[BlackClock "0:00:03"]

1. d4 Nf6 2. Nc3 d5 3. Bg5 g6 4. Qd2 Bg7 5. Bh6 O-O 6. h4 c5 7. Bxg7 Kxg7 8. Nf3 cxd4 9. Qxd4 Nc6 10. Qf4 d4 11. O-O-O e5 12. Nxe5 Qc7 13. Qxf6+ Kxf6 14. Nd5+ Kxe5 15. Nxc7 Rb8 16. e3 a6 17. Bc4 Rd8 18. exd4+ Kd6 19. Nd5 Bg4 20. f3 Be6 21. Ne3 Na5 22. Bb3 Rbc8 23. Kb1 f5 24. Bxe6 Kxe6 25. Rhe1 Kf6 26. g4 fxg4 27. fxg4 Kg7 28. b3 Nc6 29. d5 Ne5 30. c4 Nf3 31. Rh1 Re8 32. Nc2 Rcd8 33. h5 Re2 34. Nd4 Nxd4 35. Rxd4 Rf8 36. h6+ Kg8 37. a4 Rff2 38. Kc1 Rc2+ 39. Kd1 Ra2 40. Ke1 Rfe2+ 41. Kf1 Rf2+ 42. Ke1 Rfe2+ 43. Kd1 Rg2 44. Ke1 Rge2+ 1/2-1/2


[Site "https://www.chess.com"]

[Event "Titled Tuesday Blitz February 15 Early 2022"]
[White "Kalogridis, Antonios"]
[Black "Komissarov, Alexey"]
[WhiteFideId "25833901"]
[BlackFideId "4176545"]
[WhiteElo "1495"]
[BlackElo "2216"]
[Result "1-0"]
[Round "03"]
[TimeControl "180+1"]
[Date "2022.02.15"]
[WhiteClock "0:01:51"]
[BlackClock "0:00:30"]

1. b3 e5 2. Bb2 Nc6 3. a3 d5 4. e3 Bd6 5. f4 Nf6 6. fxe5 Nxe5 7. Nf3 Qe7 8. Be2 Nfg4 9. Nc3 Nxf3+ 10. Bxf3 Nxh2 11. Nxd5 Qh4+ 12. Ke2 Qg3 13. Rxh2 Qxh2 14. Bxg7 Be5 15. Bxh8 Bxh8 16. d4 Bg4 17. Nxc7+ Kd8 18. Bxg4 Qxg2+ 19. Kd3 Kxc7 20. Qf3 Qxg4 21. Qxg4 1-0


[Site "https://www.chess.com"]

[Event "Titled Tuesday Blitz February 15 Early 2022"]
[White "Kamsky, Gata"]
[Black "Manukyan, Artyom"]
[WhiteFideId "2000024"]
[BlackFideId "13305786"]
[WhiteElo "2645"]
[BlackElo "2034"]
[Result "0-1"]
[Round "03"]
[TimeControl "180+1"]
[Date "2022.02.15"]
[WhiteClock "0:00:01"]
[BlackClock "0:00:01"]

1. d4 d5 2. Bf4 Nf6 3. e3 c5 4. c3 Nc6 5. Nd2 Bg4 6. Ngf3 cxd4 7. exd4 e6 8. Be2 Bd6 9. Bg3 O-O 10. O-O a6 11. a4 Bxg3 12. hxg3 Re8 13. Re1 Qc7 14. Ne5 Bxe2 15. Qxe2 Nxe5 16. dxe5 Nd7 17. Nf3 Rab8 18. Nd4 Nc5 19. g4 Ne4 20. f3 Nc5 21. g5 Qe7 22. Qe3 Rbc8 23. g4 Nd7 24. Re2 Rc4 25. Rh2 Nf8 26. f4 b5 27. axb5 axb5 28. b3 Rc5 29. b4 Rc4 30. Qd2 Ng6 31. Re1 Qa7 32. Rf2 Rec8 33. Nxb5 Qb6 34. Nd6 Rxc3 35. Nxc8 Rxc8 36. Ra1 Nh4 37. Kh2 d4 38. Rc1 Rd8 39. Kg3 Ng6 40. Rc5 Qb7 41. Rf1 Qe4 42. Re1 Qb7 43. b5 d3 44. f5 Ne7 45. fxe6 fxe6 46. Rf1 Nd5 47. Qf2 h6 0-1


[Site "https://www.chess.com"]

[Event "Titled Tuesday Blitz February 15 Early 2022"]
[White "Kejzar, Petra"]
[Black "Begunov, Konstantin"]
[WhiteFideId "14610213"]
[BlackFideId "4118510"]
[WhiteElo "2006"]
[BlackElo "2262"]
[Result "1-0"]
[Round "03"]
[TimeControl "180+1"]
[Date "2022.02.15"]
[WhiteClock "0:00:23"]
[BlackClock "0:00:06"]

1. e4 c5 2. Nf3 d6 3. d4 cxd4 4. Qxd4 Nf6 5. h3 a6 6. Be2 Nc6 7. Qe3 g6 8. O-O Bg7 9. Nc3 O-O 10. Rd1 Bd7 11. Qg5 b5 12. Qh4 Nb4 13. Bd3 Rc8 14. a3 Nxd3 15. cxd3 Re8 16. Bh6 Bh8 17. d4 Bc6 18. Re1 e6 19. Rad1 Nd7 20. Bg5 Qb6 21. d5 exd5 22. exd5 Bb7 23. Ne4 f5 24. Nf6+ Nxf6 25. Bxf6 Qc7 26. Bxh8 Kxh8 27. Qf6+ Kg8 28. Ng5 Qd7 29. Ne6 Qf7 30. Qd4 Re7 31. Re3 Rce8 32. Rde1 Bc8 33. Ng5 Rxe3 34. Rxe3 Qf8 35. Qh4 h6 36. Ne6 Qe7 37. Qxh6 Bxe6 38. Qxg6+ Kf8 39. Rxe6 Qf7 40. Rf6 Re7 41. Rxf7+ Rxf7 42. Qxd6+ Kg7 43. Qxa6 f4 44. Qxb5 f3 45. gxf3 Rxf3 46. Qd7+ Kf6 47. Qe6+ Kg5 48. Qe3+ Rxe3 49. fxe3 Kf5 50. e4+ Ke5 51. a4 Kd6 52. a5 Kc5 53. h4 1-0


[Site "https://www.chess.com"]

[Event "Titled Tuesday Blitz February 15 Early 2022"]
[White "Kezin, Roman"]
[Black "Sarana, Alexey"]
[WhiteFideId "24124621"]
[BlackFideId "24133795"]
[WhiteElo "2509"]
[BlackElo "2665"]
[Result "1-0"]
[Round "03"]
[TimeControl "180+1"]
[Date "2022.02.15"]
[WhiteClock "0:00:02"]
[BlackClock "0:00:03"]

1. d4 Nf6 2. c4 e6 3. g3 Bb4+ 4. Nd2 d5 5. Bg2 O-O 6. Nf3 a5 7. O-O Nbd7 8. Qc2 b6 9. e4 dxe4 10. Nxe4 Bb7 11. Nxf6+ Nxf6 12. c5 Be4 13. Qe2 a4 14. Bg5 Qd5 15. Bxf6 gxf6 16. Rfd1 a3 17. cxb6 cxb6 18. Nh4 Bxg2 19. Nxg2 Bd6 20. Ne3 Qe4 21. bxa3 Bxa3 22. Rab1 Rfb8 23. Rb5 Bf8 24. Rh5 Ra5 25. Rh4 Qa8 26. d5 Bg7 27. Qh5 h6 28. Rg4 Kh7 29. Qxf7 Rg8 30. dxe6 Qf3 31. Rf4 Qe2 32. Rf1 Rxa2 33. e7 Raa8 34. Rxf6 Rae8 35. Nf5 Kh8 36. Nxg7 Qd2 37. Rg6 Qc1 38. Nxe8 Rxg6 39. Qf8+ Kh7 40. Qf7+ Rg7 41. Qxg7# 1-0


[Site "https://www.chess.com"]